 Dungeon Crawl Stone Soup version 0.31-a0-325-g067879e3d3 (webtiles) character file.

Game seed: 5080755392201756407

198 RepHenryClay the Cudgeller (level 5, -3/26 HPs)
             Began as a Vine Stalker Warper on July 18, 2023.
             Slain by Duvessa
             ... wielding a +0 short sword
              (11 damage)
             ... on level 4 of the Dungeon.
             The game lasted 00:04:51 (1802 turns).

RepHenryClay the Cudgeller (Vine Stalker Warper)    Turns: 1802, Time: 00:04:51

Health: -3/26      AC:  4    Str: 13    XL:     5   Next: 76%
Magic:  0/9        EV: 11    Int: 13    God:
Gold:   110        SH:  0    Dex: 16    Spells: 4/8 levels left

rFire   . . .        a - +0 mace
rCold   . . .        (no shield)
rNeg    . . .        b - +0 leather armour
rPois   .            p - +0 helmet
rElec   .            (no cloak)
rCorr   .            (no gloves)
SInv    .            (no boots)
Will    .....        (no amulet)
Stlth   +            (no ring)
HPRegen 1.04/turn    (no ring)
MPRegen 0.11/turn

%: guardian spirit
@: weak-willed
A: fangs 2, regeneration 1, magic shield, antimagic bite, no potion heal 2
a: no special abilities


You were on level 4 of the Dungeon.
You visited 1 branch of the dungeon, and saw 4 of its levels.

You collected 110 gold pieces.

Inventory:

Hand Weapons
 a - a +0 mace (weapon)
Missiles
 d - 11 boomerangs of dispersal (quivered)
Armour
 b - a +0 leather armour (worn)
 p - a +0 helmet (worn)
Jewellery
 o - a ring of wizardry
Scrolls
 f - a scroll of vulnerability
 h - 3 scrolls of teleportation {unknown}
 j - a scroll of revelation {unknown}
 l - a scroll of poison {unknown}
 m - a scroll of enchant weapon {unknown}
 n - a scroll of immolation {unknown}
 r - a scroll of fog {unknown}
Potions
 k - a potion of brilliance
 q - a potion of enlightenment
 s - 2 potions of heal wounds


   Skills:
 - Level 1.7 Fighting
 + Level 5.3 Maces & Flails
 - Level 0.8 Throwing
 - Level 0.7 Armour
 - Level 1.5 Dodging
 - Level 2.1 Spellcasting
 - Level 3.0 Translocations


You had 4 spell levels left.
You knew the following spells:

 Your Spells              Type           Power      Damage    Failure   Level
a - Blink                 Tloc           18%        N/A       14%         2
b - Lesser Beckoning      Tloc           18%        N/A       14%         2

Your spell library contained the following spells:

 Spells                   Type           Power      Damage    Failure   Level
 Teleport Other           Tloc           9%         N/A       28%         3
 Sublimation of Blood     Necr           1%         N/A       43%         2
 Wereblood                Tmut           1%         N/A       43%         2
 Vhi's Electric Charge    Tloc/Air       10%        N/A       45%         3
 Manifold Assault         Tloc           9%         N/A       67%         4
 Summon Hydra             Summ           0%         N/A       100%        7


Dungeon Overview and Level Annotations

Branches:
Dungeon (4/15)
 Temple: D:4-7

Altars:
Trog

Shops:
D:2 [

Annotations:
D:4 Dowan, Duvessa


Innate Abilities, Weirdness & Mutations

You have extremely sharp teeth.
Your natural rate of healing is unusually fast.
When hurt, damage is shared between your health and your magic reserves.
Your bite disrupts and absorbs the magic of your enemies.
Potions cannot restore your health.


Message History

Duvessa hits you with a +0 short sword.
* * * LOW HITPOINT WARNING * * *
Damage: -2%(-1hp) hp: 29%(11hp) It was a potion of invisibility.
You fade into invisibility!
Duvessa completely misses you. Duvessa hits you but does no damage.
You hit Duvessa.
Duvessa is lightly wounded.
Duvessa hits you but does no damage. Duvessa hits you with a +0 short sword.
* * * LOW HITPOINT WARNING * * *
Damage: -5%(-2hp) hp: 26%(10hp)
Your magical effects are unravelling.
You feel magically purged.
You feel less wooden.
Your +0 helmet unmelds from your body.
Your +0 leather armour unmelds from your body.
You flicker back into view.
Duvessa hits you with a +0 short sword.
* * * LOW HITPOINT WARNING * * *
Huge Dmg: -19%(-5hp) hp: 20%(5hp) Blink to where?
Press: ? - help, Dir - move target
As you read the scroll of blinking, it crumbles to dust.
Dowan points at you and mumbles some strange words.
The puff of flame hits you!
* * * LOW HITPOINT WARNING * * *
Huge Dmg: -19%(-5hp) hp: 8%(2hp) Duvessa gestures with her weapon.
There is a stone staircase leading up here.
As you read the scroll labelled YSIUTUOZXO, it crumbles to dust.
Magic quickly surges around you.
It was a scroll of vulnerability.
Duvessa hits you with a +0 short sword.
* * * LOW HITPOINT WARNING * * *
Huge Dmg: -12%(-3hp) hp: 27%(7hp)
As you read the scroll labelled ZICVUEDOEDD, it crumbles to dust.
It is a scroll of amnesia.
Really abort (and waste the scroll)?
Okay, then.
Duvessa hits you with a +0 short sword!
You die...

#.........................
.....................###.##
.###..#....................
.#.#.................#.#.##
......####.##.##.##........
.#.#.......##.##.##....#.##
.#..>.....................#
.#.#.............##◎.......
.#..............e@.....#...
.#.#..#..#.##.##.##....#...
......#..#.##.##.##........
...........................
...........................
...........................
#..........................
.......................#...
#..#.....#..#.##.##...##...


You could see Duvessa (fast, weak-willed).

Vanquished Creatures
  A scorpion (D:4)
  5 adders
  3 dart slugs
  8 orcs (D:3)
  5 endoplasms
  3 giant cockroaches
  9 goblins
  4 hobgoblins
  9 jackals
  3 quokkas
  9 ball pythons
  3 bats (D:1)
  5 frilled lizards
  7 kobolds
  6 rats
80 creatures vanquished.

Notes
Turn   | Place    | Note
-------+----------+-------------------------------------------
     0 | D:1      | RepHenryClay the Vine Stalker Warper began the quest for
                  | the Orb.
     0 | D:1      | Reached XP level 1. HP: 11/11 MP: 4/4
    35 | D:1      | Reached skill level 2 in Maces & Flails
    92 | D:1      | Found a faded altar of an unknown god.
   110 | D:1      | Reached XP level 2. HP: 10/15 MP: 3/6
   489 | D:1      | Reached skill level 3 in Maces & Flails
   551 | D:2      | Reached XP level 3. HP: 18/18 MP: 7/7
   850 | D:2      | Gained mutation: Your natural rate of healing is unusually
                  | fast. [Vine Stalker growth]
   850 | D:2      | Reached XP level 4. HP: 22/23 MP: 6/8
   893 | D:2      | Found Xuyph's Armour Boutique.
   918 | D:2      | Reached skill level 4 in Maces & Flails
   932 | D:2      | Learned a level 2 spell: Blink
   935 | D:2      | Learned a level 2 spell: Lesser Beckoning
  1317 | D:3      | Found a bloodstained altar of Trog.
  1480 | D:3      | Reached XP level 5. HP: 21/26 MP: 9/9
  1620 | D:4      | Reached skill level 5 in Maces & Flails
  1733 | D:4      | Noticed an ogre
  1761 | D:4      | Noticed Dowan
  1762 | D:4      | Noticed Duvessa
  1802 | D:4      | Slain by Duvessa

Illustrated notes

Levels and vault maps discovered:
D:1:      minmay_arrival_glassed_features, layout_rooms,
          hellmonk_ecumenical_altar_heavens_door
D:2:      layout_rooms, serial_shops, shop
D:3:      layout_rooms, trog_butcher_becter
D:4:      layout_basic, mainiacjoe_overflow_large_starburst,
          minmay_temple_entry_glassed_door, minmay_fountain_box,
          uniq_crazy_yiuf_cottage, uniq_duvessa

Skill      XL: |  1  2  3  4  5 |
---------------+----------------+-----
Maces & Flails | 2 3 4 5 |  5.3
Fighting       | |  1.7
Throwing       | |  0.8
Armour         | |  0.7
Dodging        | |  1.5
Spellcasting   | |  2.1
Translocations | |  3.0

Action                     |  1- 3 |  4- 6 || total
---------------------------+-------+-------++-------
  Melee: Mace              |    99 |   104 ||   203
         Bite              |    11 |    30 ||    41
         Punch             |       |     2 ||     2
    Use: Potion            |     1 |     4 ||     5
         Scroll            |       |     7 ||     7
   Stab: Sleeping          |       |     2 ||     2
 Armour: Leather armour    |    39 |    32 ||    71
         Skin              |       |     3 ||     3
  Dodge: Dodged            |    72 |    79 ||   151

Table legend: (Time is in decaauts)
 A = Elapsed time spent in this place.
 B = Non-inter-level travel time spent in this place.
 C = Inter-level travel time spent in this place.
 D = Time resting spent in this place.
 E = Time spent auto-exploring this place.
 F = Levels seen in this place.
 G = Mean time per level.
                   A        B        C        D        E       F      G
               +--------+--------+--------+--------+--------+-----+--------+
         Total |   1846 |   1799 |     47 |     20 |   1221 |   4 |  461.5 |
       Dungeon |   1846 |   1799 |     47 |     20 |   1221 |   4 |  461.5 |
               +--------+--------+--------+--------+--------+-----+--------+

Top non-repeatable levels by time:
     D:1: 559 daAuts
     D:2: 541 daAuts
     D:3: 449 daAuts
     D:4: 296 daAuts
